 Dungeon Crawl Stone Soup version 0.24.0-13-gcf9b3192b9 (webtiles) character file.

Game seed: 712247444775956391, levelgen mode: deterministic

13949 FishyPogo the Thaumaturge (level 12, 0/89 HPs)
             Began as a Gnoll Air Elementalist on Nov 10, 2019.
             Was a Priest of Makhleb.
             Slain by an unseen horror (7 damage)
             ... on level 11 of the Dungeon.
             The game lasted 01:20:35 (14493 turns).

FishyPogo the Thaumaturge (Gnoll Air Elementalist) Turns: 14493, Time: 01:20:35

Health: 0/89       AC: 11    Str: 12    XL:     12   Next: 11%
Magic:  22/24      EV: 23    Int: 18    God:    Makhleb [***...]
Gold:   588        SH:  0    Dex: 22    Spells: 8/28 levels left

rFire    . . .     SeeInvis .   s - +4 scimitar (flame)
rCold    + . .     Gourm    .   (no shield)
rNeg     . . .     Faith    .   E - +4 robe of Ojororex {+Blink MR- Stlth+}
rPois    .         Spirit   .   A - +0 helmet
rElec    +         Reflect  .   d - +2 cloak "Bodeus" {rElec rC+ Dex+3}
rCorr    .         Harm     .   (no gloves)
MR       .....                  (no boots)
Stlth    +++++.....             (no amulet)
HPRegen  0.24/turn              p - +3 ring of evasion
MPRegen  0.19/turn              g - ring of wizardry

@: no status effects
A: distributed training, fangs 1, strong nose
a: Minor Destruction, Lesser Servant of Makhleb, Renounce Religion, Evoke Blink


You were on level 11 of the Dungeon.
You worshipped Makhleb.
Makhleb was most pleased with you.
You were not hungry.

You visited 3 branches of the dungeon, and saw 14 of its levels.

You collected 632 gold pieces.
You spent 44 gold pieces at shops.

Inventory:

Hand Weapons
 a - a +5 falchion
 b - a +3 trident of protection
 s - a +4 scimitar of flaming (weapon)
Missiles
 e - 392 stones (quivered)
 k - 6 javelins
 l - 51 poisoned darts
 r - 10 atropa-tipped darts
 I - a throwing net
 N - 4 boomerangs
 Q - 4 silver boomerangs
Armour
 d - the +2 cloak "Bodeus" (worn) {rElec rC+ Dex+3}
   (You found it on level 10 of the Dungeon)

   It affects your dexterity (+3).
   It protects you from cold.
   It insulates you from electricity.
 y - a +1 cloak of magic resistance
 A - a +0 helmet (worn)
 D - a scarf of resistance
 E - the +4 robe of Ojororex (worn) {+Blink MR- Stlth+}
   (You found it on level 5 of the Dungeon)

   It affects your resistance to hostile enchantments.
   It lets you blink.
   It makes you more stealthy.
 G - a +2 robe of cold resistance
 J - a +1 ring mail of fire resistance
 K - a +0 hat of see invisible
 L - a +1 plate armour of cold resistance
 P - a +1 robe of magic resistance
Magical Staves
 o - an uncursed staff of energy
 M - an uncursed staff of summoning
Jewellery
 g - a ring of wizardry (right hand)
 p - a +3 ring of evasion (left hand)
 u - a +3 ring of strength
 F - an uncursed ring of ice
Wands
 z - a wand of paralysis (6)
 C - a wand of disintegration (27)
 H - a wand of flame (31)
 O - a wand of acid (13)
Scrolls
 j - 8 scrolls of identify
 m - a scroll of fear
 t - 4 scrolls of remove curse
 R - a scroll of magic mapping
Potions
 f - a potion of haste {unknown}
 i - 2 potions of lignification
 n - a potion of degeneration
 q - 2 potions of brilliance
 v - 4 potions of curing
 w - 2 potions of mutation
 x - 3 potions of flight
 B - a potion of agility
Comestibles
 c - 34 rations


   Skills:
 + Level 6.8 Fighting
 + Level 6.8 Short Blades
 + Level 6.8 Long Blades
 + Level 6.8 Axes
 + Level 6.8 Maces & Flails
 + Level 6.8 Polearms
 + Level 6.8 Staves
 + Level 6.8 Slings
 + Level 6.8 Bows
 + Level 6.8 Crossbows
 + Level 6.8 Throwing
 + Level 6.8 Armour
 + Level 8.3 Dodging
 + Level 8.1 Stealth
 + Level 6.8 Shields
 + Level 6.8 Unarmed Combat
 + Level 8.6 Spellcasting
 + Level 6.1 Conjurations
 + Level 5.6 Hexes
 + Level 5.6 Charms
 + Level 5.6 Summonings
 + Level 5.6 Necromancy
 + Level 5.6 Translocations
 + Level 5.6 Transmutations
 + Level 5.6 Fire Magic
 + Level 5.6 Ice Magic
 + Level 8.0 Air Magic
 + Level 5.6 Earth Magic
 + Level 5.6 Poison Magic
 + Level 7.5 Invocations
 + Level 6.8 Evocations


You had 8 spell levels left.
You knew the following spells:

 Your Spells              Type           Power        Failure   Level  Hunger
a - Shock                 Conj/Air       ####         1%          1    None
b - Airstrike             Air            #####.....   1%          4    ###....
c - Static Discharge      Conj/Air       ####....     1%          3    None
l - Lightning Bolt        Conj/Air       ####......   6%          5    #####..
p - Lee's Rapid Deconstr  Erth           ####......   10%         5    #####..
y - Swiftness             Chrm/Air       ####....     1%          2    None

Your spell library contained the following spells:

 Spells                   Type           Power        Failure   Level  Hunger
 Song of Slaying          Chrm           ####....     1%          2    None
 Stone Arrow              Conj/Erth      ####..       1%          3    None
 Iskenderun's Battlesphe  Conj/Chrm      ####....     9%          5    #####..
 Venom Bolt               Conj/Pois      ####......   9%          5    #####..
 Bolt of Magma            Conj/Fire/Erth ####......   10%         5    #####..
 Iron Shot                Conj/Erth      ####......   43%         6    ######.
 Orb of Destruction       Conj           ####......   91%         7    #######
 Spellforged Servitor     Conj/Summ      ####......   93%         7    #######


Dungeon Overview and Level Annotations

Branches:
Dungeon (12/15)            Temple (1/1) D:7            Lair (1/6) D:11
    Orc: D:9-12

Altars:
Cheibriados
Dithmenos
Elyvilon
Fedhas
Gozag
Kikubaaqudgha
Makhleb
Nemelex Xobeh
Okawaru
Qazlal
Sif Muna
Trog
Uskayaw
Wu Jian
Yredelemnul
Zin
The Shining One

Shops:
D:5 %   D:10 *


Innate Abilities, Weirdness & Mutations

Your experience applies equally to all skills.
You have very sharp teeth.
Your uncanny sense of smell can sniff out nearby items.


Message History

* * * LOW HITPOINT WARNING * * *
You feel better. Something hits you.
* * * LOW HITPOINT WARNING * * *
Something hits you but does no damage. Something hits you!
* * * LOW HITPOINT WARNING * * *
You feel better. Something closely misses you. Something barely misses you.
Something hits you.
* * * LOW HITPOINT WARNING * * *
Something barely misses you. Something hits you.
* * * LOW HITPOINT WARNING * * *
Something barely misses you.
You feel better. Something barely misses you. Something closely misses you.
Something hits you but does no damage. Something hits you!
* * * LOW HITPOINT WARNING * * *
You feel better. Something hits you!
You die...

.....#..######..#
#.####...##..## .....#..# #..#
#.# #...##..# .....#..# #..# #.#
#...##..# ........# #..# #.#
#...##..# ........# #..# #F#
#...##..# ...#....# #..# #D#
#...##..# .###....# #..# #.#
#...##..# ##......######..###.#
#...##..## ...#............@...#
#...##.... .....⌠..............#
#......... .........>.....###..#
#.......## #....#...(.....# #..#
#.......# #.P.##.........###..#
#.......# .....#..[........#..#
#.......# #...................#
#.......# .##.#.....^..._.(...#
#.......#
..###............#..####.......#


There were no monsters in sight!

Vanquished Creatures
  Gastronok (Lair:1)
  Fannar (D:10)
  Erica (Lair:1)
  An unseen horror (D:10)
  A cyclops (D:11)
  A black mamba (shapeshifter) (D:11)
  A spiny frog (Lair:1)
  2 trolls (D:10)
  Grinder (D:6)
  4 hogs (D:7)
  A wraith (D:11)
  A human (D:7)
  5 yaks
  A hungry ghost (D:6)
  A vampire mosquito (D:11)
  A soldier ant (D:11)
  Duvessa (D:6)
  4 ice beasts
  6 orc warriors
  2 black bears (D:6)
  2 sky beasts (D:6)
  8 ogres
  A necrophage (D:10)
  3 phantoms
  4 centaurs
  2 crocodiles (Lair:1)
  A big kobold (D:8)
  7 bullfrogs
  A gnoll sergeant (D:6)
  Dowan (D:6)
  A wyvern skeleton (D:11)
  2 jellies
  A water moccasin skeleton (D:9)
  7 scorpions
  15 killer bees
  12 wights
  A howler monkey (D:5)
  2 crimson imps
  A quasit (D:9)
  2 bullfrog zombies
  2 centaur zombies
  3 orc priests
  A centaur skeleton (D:5)
  6 hounds
  11 orc wizards
  A bullfrog skeleton (D:11)
  7 iguanas
  16 worker ants
  A killer bee zombie (D:5)
  2 hound zombies
  2 hound skeletons
  A howler monkey zombie (D:9)
  14 adders
  5 gnolls (D:6)
  3 shadow imps
  2 adder zombies
  An adder skeleton (D:6)
  A worm (D:4)
  2 dart slugs (D:1)
  8 leopard geckos
  51 orcs
  7 bats
  A giant cockroach (D:2)
  6 goblins
  8 hobgoblins
  4 jackals (D:4)
  4 quokkas
  4 ball pythons
  8 frilled lizards
  9 kobolds
  2 leopard gecko skeletons
  5 quokka skeletons
  4 rats
313 creatures vanquished.

Vanquished Creatures (others)
  6 plants (D:11)
6 creatures vanquished.

Grand Total: 319 creatures vanquished

Notes
Turn   | Place    | Note
-------+----------+-------------------------------------------
     0 | D:1      | FishyPogo the Gnoll Air Elementalist began the quest for
                  | the Orb.
     0 | D:1      | Reached XP level 1. HP: 13/13 MP: 6/6
   225 | D:1      | Reached XP level 2. HP: 19/19 MP: 5/7
   229 | D:1      | Learned a level 2 spell: Swiftness
  1134 | D:2      | Reached XP level 3. HP: 25/25 MP: 6/9
  1328 | D:2      | Reached skill level 5 in Spellcasting
  1631 | D:3      | Reached skill level 1 in Invocations
  1734 | D:3      | Reached skill level 1 in Fighting
  1734 | D:3      | Reached skill level 1 in Short Blades
  1734 | D:3      | Reached skill level 1 in Long Blades
  1734 | D:3      | Reached skill level 1 in Axes
  1734 | D:3      | Reached skill level 1 in Maces & Flails
  1734 | D:3      | Reached skill level 1 in Polearms
  1734 | D:3      | Reached skill level 1 in Staves
  1734 | D:3      | Reached skill level 1 in Slings
  1734 | D:3      | Reached skill level 1 in Bows
  1734 | D:3      | Reached skill level 1 in Crossbows
  1734 | D:3      | Reached skill level 1 in Throwing
  1734 | D:3      | Reached skill level 1 in Armour
  1734 | D:3      | Reached skill level 1 in Shields
  1734 | D:3      | Reached skill level 1 in Unarmed Combat
  1734 | D:3      | Reached skill level 1 in Evocations
  1784 | D:3      | Learned a level 3 spell: Static Discharge
  1854 | D:3      | Reached XP level 4. HP: 32/32 MP: 9/11
  1872 | D:3      | Learned a level 4 spell: Airstrike
  2303 | D:4      | Noticed an ogre
  2315 | D:4      | Killed an ogre
  2315 | D:4      | Reached skill level 1 in Hexes
  2315 | D:4      | Reached skill level 1 in Charms
  2315 | D:4      | Reached skill level 1 in Summonings
  2315 | D:4      | Reached skill level 1 in Necromancy
  2315 | D:4      | Reached skill level 1 in Translocations
  2315 | D:4      | Reached skill level 1 in Transmutations
  2315 | D:4      | Reached skill level 1 in Fire Magic
  2315 | D:4      | Reached skill level 1 in Ice Magic
  2315 | D:4      | Reached skill level 1 in Earth Magic
  2315 | D:4      | Reached skill level 1 in Poison Magic
  2315 | D:4      | Reached XP level 5. HP: 30/37 MP: 0/12
  2756 | D:4      | Reached XP level 6. HP: 34/44 MP: 6/13
  2879 | D:4      | Noticed an orc warrior
  2942 | D:4      | Killed an orc warrior
  2942 | D:4      | Reached skill level 5 in Dodging
  3159 | D:4      | Found a shadowy altar of Dithmenos.
  3387 | D:5      | Entered Level 5 of the Dungeon
  3433 | D:5      | Reached XP level 7. HP: 33/50 MP: 4/15
  3761 | D:5      | Reached skill level 5 in Stealth
  3997 | D:5      | Reached XP level 8. HP: 38/57 MP: 2/16
  4099 | D:5      | Found Dops's Food Boutique.
  4732 | D:5      | Got a twisted robe
  4743 | D:5      | Identified the +4 robe of Ojororex {+Blink MR- Stlth+} (You
                  | found it on level 5 of the Dungeon)
  4864 | D:6      | Noticed Duvessa
  4959 | D:6      | Found a bloodstained altar of Trog.
  4978 | D:6      | Noticed Grinder
  4985 | D:6      | Found a blossoming altar of Fedhas.
  4992 | D:6      | Paralysed by Grinder for 6 turns
  5029 | D:6      | HP: 1/58 [Grinder/nerve-wracking pain (11)]
  5042 | D:6      | Found an opulent altar of Gozag.
  5253 | D:7      | Reached XP level 9. HP: 46/65 MP: 9/18
  5549 | D:7      | Found a hide-covered altar of Uskayaw.
  5984 | D:6      | Learned a level 5 spell: Lightning Bolt
  6028 | D:6      | Paralysed by Grinder for 2 turns
  6035 | D:6      | Killed Grinder
  6205 | D:6      | Killed Duvessa
  6457 | D:6      | Noticed Dowan
  6459 | D:6      | Killed Dowan
  6502 | D:6      | Reached skill level 5 in Invocations
  6909 | D:7      | Found a staircase to the Ecumenical Temple.
  6915 | Temple   | Entered the Ecumenical Temple
  6925 | Temple   | Became a worshipper of Makhleb the Destroyer
  7104 | D:7      | Reached XP level 10. HP: 73/73 MP: 13/20
  7258 | D:7      | Reached skill level 5 in Fighting
  7258 | D:7      | Reached skill level 5 in Short Blades
  7258 | D:7      | Reached skill level 5 in Long Blades
  7258 | D:7      | Reached skill level 5 in Axes
  7258 | D:7      | Reached skill level 5 in Maces & Flails
  7258 | D:7      | Reached skill level 5 in Polearms
  7258 | D:7      | Reached skill level 5 in Staves
  7258 | D:7      | Reached skill level 5 in Slings
  7258 | D:7      | Reached skill level 5 in Bows
  7258 | D:7      | Reached skill level 5 in Crossbows
  7258 | D:7      | Reached skill level 5 in Throwing
  7258 | D:7      | Reached skill level 5 in Armour
  7258 | D:7      | Reached skill level 5 in Shields
  7258 | D:7      | Reached skill level 5 in Unarmed Combat
  7258 | D:7      | Reached skill level 5 in Evocations
  7619 | D:8      | Reached * piety under Makhleb
  7629 | D:8      | Found an iron altar of Okawaru.
  7918 | D:8      | Found a glowing silver altar of Zin.
  7983 | D:8      | Found a white marble altar of Elyvilon.
  8248 | D:8      | Found an ancient bone altar of Kikubaaqudgha.
  8429 | D:8      | Reached ** piety under Makhleb
  8525 | D:8      | Reached skill level 5 in Conjurations
  8531 | D:8      | Identified the Almanac of Ashen Protection
  8771 | D:8      | Found an ornate altar of the Wu Jian Council.
  8771 | D:8      | Found a glowing golden altar of the Shining One.
  9191 | D:9      | Learned a level 5 spell: Lee's Rapid Deconstruction
  9453 | D:9      | You fall into a shaft and drop 3 floors!
  9459 | D:11     | Identified a scroll of acquirement
  9638 | D:11     | Noticed a six-headed hydra
  9738 | D:11     | Found a shimmering blue altar of Sif Muna.
  9765 | D:11     | Found a burning altar of Makhleb.
  9796 | D:10     | Entered Level 10 of the Dungeon
  9874 | D:10     | Noticed Fannar
  9903 | D:9      | Reached XP level 11. HP: 76/81 MP: 18/22
  9913 | D:9      | Found a snail-covered altar of Cheibriados.
  9922 | D:9      | Reached *** piety under Makhleb
 10397 | D:9      | Found a basalt altar of Yredelemnul.
 10877 | D:10     | Killed Fannar
 10939 | D:10     | Got a spiked cloak
 10952 | D:10     | Identified the +2 cloak "Bodeus" {rElec rC+ Dex+3} (You
                  | found it on level 10 of the Dungeon)
 11108 | D:10     | Reached skill level 5 in Hexes
 11108 | D:10     | Reached skill level 5 in Charms
 11108 | D:10     | Reached skill level 5 in Summonings
 11108 | D:10     | Reached skill level 5 in Necromancy
 11108 | D:10     | Reached skill level 5 in Translocations
 11108 | D:10     | Reached skill level 5 in Transmutations
 11108 | D:10     | Reached skill level 5 in Fire Magic
 11108 | D:10     | Reached skill level 5 in Ice Magic
 11108 | D:10     | Reached skill level 5 in Earth Magic
 11108 | D:10     | Reached skill level 5 in Poison Magic
 11649 | D:10     | Killed an unseen horror
 11936 | D:10     | Found Leneodd's General Store.
 11961 | D:10     | Bought a potion of degeneration for 11 gold pieces
 11961 | D:10     | Bought a scroll of teleportation for 33 gold pieces
 12200 | D:11     | Found a staircase to the Lair.
 12206 | D:11     | Noticed a cyan ugly thing
 12354 | D:11     | Noticed a cyclops
 13214 | D:11     | Noticed a red ugly thing
 13351 | D:11     | Killed a cyclops
 13626 | Lair:1   | Entered Level 1 of the Lair of Beasts
 13661 | Lair:1   | Noticed an eight-headed hydra
 13871 | Lair:1   | Noticed Erica
 13895 | Lair:1   | Killed Erica
 13910 | Lair:1   | HP: 4/83 [poisoned by Erica (bolt of poison)]
 13915 | Lair:1   | HP: 4/83 [poisoned by Erica (bolt of poison)]
 13920 | Lair:1   | HP: 4/83 [poisoned by Erica (bolt of poison)]
 14160 | Lair:1   | Noticed Gastronok
 14182 | Lair:1   | Killed Gastronok
 14182 | Lair:1   | Reached XP level 12. HP: 56/89 MP: 0/24
 14483 | D:11     | HP: 3/89 [something (7)]
 14488 | D:11     | HP: 4/89 [something (6)]
 14493 | D:11     | Slain by an unseen horror

Levels and vault maps discovered:
D:1:      wander_arrival_desolate, layout_loops_corners
D:2:      layout_basic, minmay_misc_feat_tiny
D:3:      layout_loops_ring
D:4:      layout_loops_corners, nicolae_dithmenos_through_a_glass_darkly,
          first_ration
D:5:      minmay_clustersquares, layout_cave_pools, serial_shops,
          nicolae_shop_waterfront
D:6:      layout_loops_corners, overflow_temple_1_default, trog_ov_bears_minmay,
          kennysheep_mini, kennysheep_generic_room_10, uniq_duvessa,
          uniq_grinder
D:7:      layout_layer_cave, minmay_temple_entry_enclosed_plants,
          grunt_livestock, lemuel_altar_in_water
D:8:      kennysheep_windowed_halls, layout_loops_ring,
          okawaru_altar_gauntlet_db, lemuel_crystal_altar,
          gammafunk_temple_overflow_elements, overflow_temple_1_default,
          elyvilon_altar_1
D:9:      layout_loops_ring, yredelemnul_altar_generic,
          nicolae_overflow_crystal_walls, kennysheep_potato
D:10:     layout_loops_cross, serial_shops, shop, uniq_fannar
D:11:     regret_index_wax_grids, layout_long_grid, basic_altar, minivault_16,
          bloody_makhleb
D:12:     minmay_the_grid_octo_tiled_octocenter
          [minmay_the_grid_octo_checkerflower, minmay_the_grid_octo_odd_swirl,
          minmay_the_grid_octo_horde, minmay_the_grid_octo_thin_diamonds,
          minmay_the_grid_octo_prize_square_snowflake,
          minmay_the_grid_square_5x5_pentomino_r,
          minmay_the_grid_square_5x5_empty,
          minmay_the_grid_square_5x5_trominoes,
          minmay_the_grid_square_5x5_seven], layout_long_grid, orc_0_dummy,
          serial_shops, shop, uniq_snorg, uniq_azrael, uniq_maurice, uniq_psyche
Temple:   jpeg_temple_clearing
Lair:1:   layout_misc_corridors, grunt_megastairs_3, uniq_gastronok, uniq_erica

Skill      XL: |  1  2  3  4  5  6  7  8  9 10 11 |
---------------+----------------------------------+-----
Conjurations   | 2 3 4 5 6 |  6.1
Spellcasting   | 5 6 7 8 |  8.6
Invocations    | 1 2 3 4 5 6 7 |  7.5
Fighting       | 1 2 3 4 5 6 |  6.8
Short Blades   | 1 2 3 4 5 6 |  6.8
Long Blades    | 1 2 3 4 5 6 |  6.8
Axes           | 1 2 3 4 5 6 |  6.8
Maces & Flails | 1 2 3 4 5 6 |  6.8
Polearms       | 1 2 3 4 5 6 |  6.8
Staves         | 1 2 3 4 5 6 |  6.8
Slings         | 1 2 3 4 5 6 |  6.8
Bows           | 1 2 3 4 5 6 |  6.8
Crossbows      | 1 2 3 4 5 6 |  6.8
Throwing       | 1 2 3 4 5 6 |  6.8
Armour         | 1 2 3 4 5 6 |  6.8
Shields        | 1 2 3 4 5 6 |  6.8
Unarmed Combat | 1 2 3 4 5 6 |  6.8
Evocations     | 1 2 3 4 5 6 |  6.8
Hexes          | 1 2 3 4 5 |  5.6
Charms         | 1 2 3 4 5 |  5.6
Summonings     | 1 2 3 4 5 |  5.6
Necromancy     | 1 2 3 4 5 |  5.6
Translocations | 1 2 3 4 5 |  5.6
Transmutations | 1 2 3 4 5 |  5.6
Fire Magic     | 1 2 3 4 5 |  5.6
Ice Magic      | 1 2 3 4 5 |  5.6
Earth Magic    | 1 2 3 4 5 |  5.6
Poison Magic   | 1 2 3 4 5 |  5.6
Dodging        | 5 6 7 8 |  8.3
Stealth        | 5 6 7 8 |  8.1
Air Magic      | 6 7 8 |  8.0

Action                   |  1- 3 |  4- 6 |  7- 9 | 10-12 || total
-------------------------+-------+-------+-------+-------++-------
Melee: Unarmed           |     3 |     1 |       |       ||     4
       Long sword        |       |    14 |    90 |    57 ||   161
       Bite              |       |     1 |    15 |    38 ||    54
       Punch             |       |     1 |     2 |    13 ||    16
       Trident           |       |       |    37 |   110 ||   147
       Staff             |       |       |       |    59 ||    59
       Falchion          |       |       |       |    17 ||    17
       Hand axe          |       |       |       |    11 ||    11
       Scimitar          |       |       |       |    20 ||    20
 Cast: Shock             |    66 |    62 |   133 |   256 ||   517
       Airstrike         |       |     4 |    39 |   100 ||   143
       Static Discharge  |       |       |     4 |    17 ||    21
       Swiftness         |       |       |     2 |     4 ||     6
       Lightning Bolt    |       |       |       |    19 ||    19
       Lee's Rapid Decon |       |       |       |     3 ||     3
Invok: Minor Destruction |       |       |       |     3 ||     3
       Lesser Servant of |       |       |       |     2 ||     2
 Abil: Evoke Blink       |       |       |       |     3 ||     3
  Use: Scroll            |       |       |    11 |    10 ||    21
       Potion            |       |       |     6 |    10 ||    16
 Stab: Sleeping          |     1 |       |     6 |     2 ||     9
       Invisible         |       |       |     3 |       ||     3
       Distracted        |       |       |     1 |     1 ||     2
  Eat: Chunk             |     3 |     5 |    19 |    29 ||    56
       Ration            |       |       |       |     1 ||     1
Armor: Robe              |     4 |     1 |    26 |    74 ||   105
       Skin              |       |       |    25 |       ||    25
       Leather armour    |       |       |     9 |    26 ||    35
Dodge: Dodged            |    12 |    26 |   168 |   515 ||   721
       Rpst.: Long sword |       |     4 |    39 |    17 ||    60
       Falchion          |       |       |       |     2 ||     2
       Scimitar          |       |       |       |     3 ||     3
